 Dungeon Crawl Stone Soup version 0.18-a0-1308-g45b86c9 (webtiles) character file.

11886 RedPan the Covert (level 11, 0/78 HPs)
             Began as a Vampire Enchanter on Feb 13, 2016.
             Was an Elder of Kikubaaqudgha.
             Slain by an eight-headed hydra (11 damage)
             ... on level 2 of the Lair of Beasts.
             The game lasted 00:40:11 (14326 turns).

RedPan the Covert (Vampire Enchanter)              Turns: 14326, Time: 00:40:11

Health: 0/78       AC: 10    Str: 16    XL:     11   Next: 55%
Magic:  20/20      EV: 16    Int: 21    God:    Kikubaaqudgha [****..]
Gold:   164        SH:  0    Dex: 15    Spells: 3 memorised, 16 levels left

rFire  . . .     SeeInvis +     q - +2 dagger (venom)
rCold  + + .     Gourm    .     B - +2 robe {Archmagi}
rNeg   + + .     Faith    .     (no shield)
rPois  +         Spirit   .     (no helmet)
rElec  .         Dismiss  .     J - +1 cloak
rCorr  .         Reflect  .     C - +0 pair of gloves {Str+3}
SustAt .         Harm     .     E - +2 pair of boots {Stlth+}
MR     +....     Rnd*Tele +     (no amulet)
Stlth  ++++++++..               b - ring of protection from cold
                                p - +6 ring of strength

@: regenerating slowly, hasted, very quick, somewhat resistant to hostile
enchantments, extraordinarily stealthy
A: fangs 3, see invisible, teleportitis 1, unbreathing, no device heal 1
a: Bat Form, Receive Corpses, Renounce Religion


You were on level 2 of the Lair of Beasts.
You worshipped Kikubaaqudgha.
Kikubaaqudgha was greatly pleased with you.
You were very thirsty.

You visited 2 branches of the dungeon, and saw 12 of its levels.

You collected 722 gold pieces.
You spent 558 gold pieces at shops.

Inventory:

Hand Weapons
 q - a +2 dagger of venom (weapon)
 x - a +5 flail of protection
Armour
 B - a +2 robe of the Archmagi (worn)
 C - a +0 pair of gloves of strength (worn)
 E - a +2 pair of boots of stealth (worn)
 J - a +1 cloak (worn)
Jewellery
 b - a ring of protection from cold (right hand)
 p - a +6 ring of strength (left hand)
Wands
 A - a wand of teleportation (8/9)
 N - a wand of heal wounds (2/9)
Scrolls
 e - 4 scrolls of identify
 i - 4 scrolls of remove curse
 k - 2 scrolls of magic mapping
 v - 3 scrolls of fog
 G - 2 scrolls of teleportation
Potions
 d - 22 potions of blood
 h - a potion of might
 o - a potion of invisibility
 t - 3 potions of curing
 u - 3 potions of agility
 D - 2 potions of brilliance
 F - a potion of haste
 I - a potion of magic


   Skills:
 + Level 4.9 Fighting
 - Level 10.3 Short Blades
 + Level 7.0 Dodging
 - Level 13.0 Stealth
 - Level 6.0 Spellcasting
 - Level 8.0 Hexes
 - Level 8.6 Necromancy


You had 16 spell levels left.
You knew the following spells:

 Your Spells              Type           Power        Failure   Level  Hunger
a - Corona                Hex            ######.      1%          1    None
b - Ensorcelled Hibernat  Hex/Ice        ####..       2%          2    None
c - Confuse               Hex            ######..     1%          3    ##.....


Dungeon Overview and Level Annotations

Branches:
Dungeon (10/15)            Temple (0/1) D:6            Lair (2/8) D:9
    Orc (0/2) D:9

Altars:
Ashenzari
Cheibriados
Fedhas
Kikubaaqudgha
Makhleb
Nemelex Xobeh
Pakellas
Ru
Sif Muna
Trog
The Shining One

Shops:
D:7 :[   D:10 *

Annotations:
D:7 exclusion: 3 centaurs


Innate Abilities, Weirdness & Mutations

You heal slowly.
You have razor-sharp teeth.
You have supernaturally acute eyesight.
You can survive without breathing.
You are occasionally teleported next to monsters.
Potions and wands are less effective at restoring your health.


Message History

The eight-headed hydra closely misses you. x2
The eight-headed hydra bites you but does no damage.
The eight-headed hydra barely misses you.
The eight-headed hydra closely misses you.
The eight-headed hydra bites you! x2
* * * LOW HITPOINT WARNING * * *
The eight-headed hydra closely misses you.
Drink which item? (? for menu, Esc to quit)
Okay, then.
Drink which item? (? for menu, Esc to quit)
You feel yourself speed up.
The eight-headed hydra closely misses you. x2
The eight-headed hydra barely misses you.
The eight-headed hydra bites you but does no damage.
The eight-headed hydra barely misses you.
The eight-headed hydra bites you but does no damage.
The eight-headed hydra barely misses you.
The eight-headed hydra bites you!
You die...
Kikubaaqudgha rasps: "You have failed me!
Welcome... oblivion!"

.........#
...P...#.##
...P#..#.P#
.t.......##
....PP#Pt.# ....P
##..# ..........##
#..# #......#...#
#D## ..#..........#
#@##
.........P...###..#
.........#..#.P..P#
..#.#.#.##.......##
......[...........#
##..##..........}##
#.....+<.)=/.....#
#.)......?!:)....##
.....##...........#


You could see an eight-headed hydra and a crocodile.

Vanquished Creatures
  2 hill giants (D:10)
  5 spiny frogs (Lair:1)
  Psyche (D:9)
  A komodo dragon (Lair:1)
  A troll (D:10)
  A two-headed ogre (D:10)
  Prince Ribbit (D:7)
  A spriggan (D:7)
  3 yaks (D:9)
  A hungry ghost (D:8)
  4 hippogriffs
  Menkaure (D:5)
  5 wolves (Lair:1)
  Edmund (D:4)
  5 water moccasins
  3 wargs (D:9)
  A porcupine (Lair:1)
  Duvessa (D:6)
  3 sky beasts
  A wasp (D:9)
  3 orc warriors
  3 ice beasts
  A black bear (D:6)
  3 ogres
  3 centaurs
  5 crocodiles
  Blork the orc (D:6)
  5 giant frogs
  2 big kobolds
  Dowan (D:6)
  A water moccasin skeleton (D:10)
  3 scorpions
  A wyvern skeleton (D:7)
  6 killer bees (D:9)
  3 wights (D:10)
  5 crimson imps
  A quasit (D:6)
  8 orc priests
  8 orc wizards
  2 hounds (D:9)
  A gnoll shaman (D:7)
  Crazy Yiuf (D:2)
  3 centaur skeletons
  9 iguanas
  5 worker ants
  2 sheep (Lair:1)
  A hound zombie (D:7)
  A mummy (D:4)
  Robin (D:3)
  4 gnolls (D:7)
  9 adders
  32 river rats (Lair:1)
  A shadow imp (D:10)
  An adder skeleton (D:10)
  2 worms (D:2)
  2 giant geckos
  42 orcs
  4 giant cockroaches
  19 goblins
  13 hobgoblins
  16 jackals
  6 quokkas
  A ball python (D:1)
  12 bats
  8 giant newts
  A hobgoblin zombie (D:4)
  18 kobolds
  A kobold zombie (D:4)
  2 orc zombies (D:4)
  3 quokka skeletons
  8 rats
336 creatures vanquished.

Vanquished Creatures (others)
  2 fungi (Lair:1)
  4 plants (Lair:1)
6 creatures vanquished.

Grand Total: 342 creatures vanquished

Notes
Turn   | Place    | Note
--------------------------------------------------------------
     0 | D:1      | RedPan the Vampire Enchanter began the quest for the Orb.
     0 | D:1      | Reached XP level 1. HP: 13/13 MP: 3/3
   218 | D:1      | Reached skill level 5 in Hexes
   328 | D:1      | Reached XP level 2. HP: 16/19 MP: 5/5
   332 | D:1      | Learned a level 2 spell: Ensorcelled Hibernation
  1134 | D:2      | Reached skill level 6 in Hexes
  1167 | D:2      | Reached XP level 3. HP: 8/24 MP: 3/6
  1438 | D:2      | Learned a level 3 spell: Confuse
  1464 | D:2      | Found a snail-covered altar of Cheibriados.
  1661 | D:2      | Reached skill level 5 in Stealth
  1975 | D:2      | Reached XP level 4. HP: 30/30 MP: 7/7
  2152 | D:2      | Noticed Crazy Yiuf
  2155 | D:2      | Killed Crazy Yiuf
  2280 | D:2      | Gained mutation: Potions and wands are less effective at restoring your health. [potion of mutation]
  2280 | D:2      | Gained mutation: You are occasionally teleported next to monsters. [potion of mutation]
  2584 | D:3      | Reached XP level 5. HP: 35/35 MP: 8/8
  3166 | D:3      | Noticed Robin
  3217 | D:3      | Killed Robin
  3595 | D:4      | Noticed an ogre
  3597 | D:4      | Killed an ogre
  3597 | D:4      | Reached skill level 7 in Stealth
  3597 | D:4      | Reached XP level 6. HP: 41/41 MP: 9/9
  3689 | D:4      | Noticed Edmund
  3693 | D:4      | Killed Edmund
  3693 | D:4      | Reached skill level 8 in Stealth
  3727 | D:4      | Reached skill level 5 in Short Blades
  4073 | D:4      | Reached XP level 7. HP: 46/46 MP: 10/10
  4217 | D:4      | Found a burning altar of Makhleb.
  4221 | D:4      | Found a sacrificial altar of Ru.
  4227 | D:4      | Found an oddly glowing altar of Pakellas.
  4361 | D:5      | Entered Level 5 of the Dungeon
  4467 | D:5      | Reached skill level 9 in Stealth
  4786 | D:5      | Found an ancient bone altar of Kikubaaqudgha.
  4797 | D:5      | Became a worshipper of Kikubaaqudgha
  4924 | D:5      | Noticed Menkaure
  4936 | D:5      | Killed Menkaure
  4936 | D:5      | Reached skill level 10 in Stealth
  4989 | D:5      | Found a sparkling altar of Nemelex Xobeh.
  5221 | D:5      | Found a blossoming altar of Fedhas.
  5470 | D:6      | Found a shattered altar of Ashenzari.
  5478 | D:6      | Reached XP level 8. HP: 52/52 MP: 11/11
  5972 | D:6      | Found a staircase to the Ecumenical Temple.
  6111 | D:6      | Found a deep blue altar of Sif Muna.
  6112 | D:6      | Noticed Blork the orc
  6250 | D:6      | Noticed Duvessa
  6251 | D:6      | Noticed Dowan
  6262 | D:6      | Killed Duvessa
  6273 | D:6      | Killed Dowan
  6273 | D:6      | Reached skill level 10 in Short Blades
  6299 | D:6      | Killed Blork the orc
  6299 | D:6      | Reached * piety under Kikubaaqudgha
  6299 | D:6      | Received a gift from Kikubaaqudgha
  6300 | D:6      | Identified Kikubaaqudgha's Volume of Dark Rituals (Kikubaaqudgha gifted it to you on level 6 of the Dungeon)
  6686 | D:6      | Reached skill level 1 in Fighting
  6709 | D:6      | Reached XP level 9. HP: 55/59 MP: 12/12
  7504 | D:7      | Reached skill level 5 in Dodging
  7508 | D:7      | Found Riove's Antique Armour Boutique.
  7512 | D:7      | Bought a runed robe for 18 gold pieces
  7512 | D:7      | Bought a pair of runed gloves for 117 gold pieces
  7512 | D:7      | Bought a runed robe for 18 gold pieces
  7512 | D:7      | Bought a pair of glowing boots for 117 gold pieces
  7662 | D:7      | Found Ynimahos's Book Shop.
  7766 | D:7      | Noticed Prince Ribbit
  7771 | D:7      | Killed Prince Ribbit
  8685 | D:7      | Reached ** piety under Kikubaaqudgha
  9363 | D:8      | Reached skill level 1 in Necromancy
  9945 | D:9      | Found a staircase to the Orcish Mines.
  9950 | D:9      | Reached XP level 10. HP: 70/70 MP: 13/17
  9976 | D:9      | Reached skill level 5 in Spellcasting
 10209 | D:9      | Found a glowing golden altar of the Shining One.
 10359 | D:9      | Found a staircase to the Lair.
 10394 | D:9      | Reached skill level 5 in Necromancy
 10454 | D:9      | Noticed Psyche
 10462 | D:9      | Killed Psyche
 10727 | D:9      | Reached *** piety under Kikubaaqudgha
 10727 | D:9      | Received a gift from Kikubaaqudgha
 10728 | D:9      | Identified Kikubaaqudgha's Papyrus of Stolen Souls (Kikubaaqudgha gifted it to you on level 9 of the Dungeon)
 10811 | D:10     | Entered Level 10 of the Dungeon
 11006 | D:10     | Noticed a hill giant
 11025 | D:10     | Killed a hill giant
 11025 | D:10     | Reached skill level 11 in Stealth
 11210 | D:10     | Found a bloodstained altar of Trog.
 11340 | D:10     | Noticed a hill giant
 11355 | D:10     | Killed a hill giant
 11429 | D:10     | Reached skill level 12 in Stealth
 11559 | D:10     | Reached XP level 11. HP: 75/75 MP: 20/20
 11631 | D:10     | Found Uvael's Assorted Antiques.
 11672 | D:10     | Bought a copper wand for 96 gold pieces
 11672 | D:10     | Bought a faintly glowing short sword for 192 gold pieces
 11672 | D:10     | Identified the +2 short sword of the Thing {pierce, rF++ MP+9 Int-3} (You bought it in a shop on level 10 of the Dungeon)
 12297 | Lair:1   | Entered Level 1 of the Lair of Beasts
 12437 | Lair:1   | Reached **** piety under Kikubaaqudgha
 12776 | Lair:1   | Reached skill level 13 in Stealth
 14315 | Lair:2   | Noticed an eight-headed hydra
 14326 | Lair:2   | Slain by an eight-headed hydra

Vault maps used:
D:1:      lightli_arrival_lavapool, serial_co_window_serial,
          co_window_of_opportunity_a, co_window_paths_b, co_window_corner_a,
          co_window_corner_a, co_window_paths_a, co_window_paths_c,
          co_window_unsneaky_path_a, co_window_corner_cb, co_window_paths_d,
          glass_columns_a, glass_columns_c, glass_columns_b
D:2:      lemuel_doored_altar, uniq_crazy_yiuf_cottage
D:3:      serial_bayou, serial_bayou_shore_b, serial_bayou_lagoon_b,
          serial_bayou_pond_a, serial_bayou_shore_b, minmay_misc_feat_plants,
          uniq_robin
D:4:      minmay_overflow_temple_star_quad, first_bread, minmay_mini_ossuary,
          uniq_edmund
D:5:      fedhas_bush_and_centaur_altar, basic_altar, minmay_misc_feat_columns,
          kennysheep_decorative_pillar, minivault_27, kennysheep_big_empty_room,
          nemelex_lonely_heart_becter, uniq_menkaure
D:6:      nicolae_overflow_crystal_walls, ashenzari_altar_1, temple_pool_a,
          uniq_duvessa, uniq_blork_the_orc
D:7:      nicolae_whirlpool, serial_shops, kennysheep_mini, shop,
          amethyst_killhole, grunt_decor_one_mirror, the_bakery,
          uniq_prince_ribbit1
D:9:      tso_metal_star, lair_0_dummy, minmay_orc_entry_guard_dogs, uniq_psyche
D:10:     serial_shops, nicolae_shop_waterfront, kennysheep_doodads, trog_book
Lair:1:   wad_woods_structure_01
Lair:2:   basic_altar, serial_bayou_lagoon_a, uniq_sonja

Action                   |  1- 3 |  4- 6 |  7- 9 | 10-12 || total
-------------------------+-------+-------+-------+-------++-------
Melee: Dagger            |   136 |   217 |   351 |   454 ||  1158
       Short sword       |       |       |     5 |    38 ||    43
 Cast: Ensorcelled Hiber |     6 |     8 |    26 |    57 ||    97
       Confuse           |       |       |    15 |       ||    15
Evoke: Wand              |       |       |       |     2 ||     2
  Use: Potion            |     1 |     6 |    13 |     4 ||    24
       Scroll            |       |     8 |     5 |     5 ||    18
 Stab: Sleeping          |    17 |    26 |    37 |    54 ||   134
       Confused          |       |       |     7 |       ||     7
       Distracted        |       |       |     1 |     4 ||     5
